 Dungeon Crawl Stone Soup version 0.21.1-1-g345015f (webtiles) character file.

4826 theRoog the Cleaver (level 10, -1/88 HPs)
             Began as a Minotaur Berserker on July 13, 2018.
             Was a High Priest of Trog.
             Slain by a killer bee (5 damage)
             ... on level 8 of the Dungeon.
             The game lasted 00:11:35 (7554 turns).

theRoog the Cleaver (Minotaur Berserker)            Turns: 7554, Time: 00:11:36

Health: -1/88      AC: 15    Str: 24    XL:     10   Next: 25%
Magic:  9/9        EV:  9    Int:  4    God:    Trog [*****.]
Gold:   357        SH:  0    Dex: 11    Spells: 9/9 levels left

rFire    . . .     SeeInvis .   F - +3 battleaxe
rCold    . . .     Gourm    .   (shield currently unavailable)
rNeg     . . .     Faith    +   a - +0 plate armour
rPois    .         Spirit   .   (helmet restricted)
rElec    .         Reflect  .   C - +0 cloak
rCorr    .         Harm     .   (no gloves)
MR       ++...                  (no boots)
Stlth    ..........             o - amulet of faith
HPRegen  1.24/turn              (no ring)
MPRegen  0.11/turn              (no ring)

@: lethally poisoned (-1 -> -2), regenerating
A: retaliatory headbutt, horns 2
a: Berserk, Trog's Hand, Brothers in Arms, Burn Spellbooks, Renounce Religion


You were on level 8 of the Dungeon.
You worshipped Trog.
Trog was extremely pleased with you.
You were not hungry.

You visited 1 branch of the dungeon, and saw 8 of its levels.

You collected 357 gold pieces.

Inventory:

Hand Weapons
 t - a +1 war axe
 E - a +3 war axe
 F - a +3 battleaxe (weapon)
 L - a +0 broad axe
Missiles
 e - 5 tomahawks (quivered)
Armour
 a - a +0 plate armour (worn)
 i - a +0 buckler
 n - a +1 scale mail
 C - a +0 cloak (worn)
 H - a +0 chain mail
Magical Staves
 x - a cursed staff of earth {unknown}
Jewellery
 o - an amulet of faith (around neck)
Wands
 z - a wand of acid (8)
 I - a wand of iceblast (10)
 J - a wand of flame (22)
Scrolls
 h - 3 scrolls of remove curse
 j - a scroll of enchant armour
 k - 3 scrolls of amnesia
 q - 2 scrolls of fear
 r - 3 scrolls of identify
 u - a scroll of magic mapping
 w - 4 scrolls of teleportation
 y - 2 scrolls of enchant weapon
 G - a scroll of brand weapon
Potions
 d - 3 potions of flight {unknown}
 f - 3 potions of magic {unknown}
 g - 3 potions of might {unknown}
 l - a potion of agility
 m - 2 potions of heal wounds {unknown}
 p - 2 potions of haste
 s - a potion of degeneration
 v - 3 potions of brilliance
 A - 2 potions of curing {unknown}
 D - a potion of cancellation {unknown}
 K - a potion of resistance {unknown}
Comestibles
 c - 4 rations


   Skills:
 + Level 7.9 Fighting
 + Level 12.6 Axes
 + Level 9.2 Armour
 + Level 5.1 Dodging
 + Level 1.7 Stealth
 + Level 2.9 Shields


You had 9 spell levels left.
You didn't know any spells.

Dungeon Overview and Level Annotations

Branches:
Dungeon (8/15)             Temple (0/1) D:5
   Lair: D:8-11

Altars:
Ashenzari
Elyvilon
Gozag
Hepliaklqana
Okawaru
Trog
Uskayaw
Wu Jian

Shops:
D:4 *   D:7 %   D:8 [


Innate Abilities, Weirdness & Mutations

You reflexively headbutt those who attack you in melee.
You have a pair of horns on your head.


Message History

You headbutt the killer bee!
You feel very sick. The killer bee barely misses you.
The killer bee stings you but does no damage.
You feel sick.
The killer bee stings you but does no damage. x2
You feel sick. The killer bee misses you. The killer bee stings you.
* * * LOW HITPOINT WARNING * * *
The killer bee stings you but does no damage.
You feel sick. The killer bee stings you.
* * * LOW HITPOINT WARNING * * *
You are more poisoned.
The killer bee poisons you!
The killer bee stings you but does no damage.
You feel sick.
The killer bee stings you but does no damage. x2
You feel sick.
The killer bee stings you but does no damage.
You feel sick. The killer bee stings you.
You die...

....(_......####...........# #.
.#.......#...##..<.........# #.
.#..(....#................######.
.##.....##.#.........)...###.....
.####.####.###.......).......###.
...........# ####........##### #.
####.###.########........# ## ##
#.# #.#...............# .#
#.###.......y@........# .#
#.#....#####.yy.......#
.###...#### #y.........# ...#..##
##.y........### ##....#
###.............#
###...######......#######..#
..#...........##### ##..##
..........#.....### #..#####
.###..............######...#.##


You could see 5 killer bees.

Vanquished Creatures
  Pikel (D:7)
  The ghost of Steadysplat the Cleaver, a novice MiFi (D:6)
  The ghost of Anachronus the Bolt Thrower, an amateur MiHu (D:3)
  3 ice beasts
  4 orc warriors
  2 slaves (D:7)
  7 ogres
  2 phantoms (D:5)
  2 centaurs
  2 big kobolds (D:8)
  Blork the orc (D:6)
  3 bullfrogs
  A gnoll sergeant (D:8)
  2 scorpions (D:7)
  12 wights
  3 killer bees (D:8)
  2 howler monkeys
  3 crimson imps
  6 hounds
  A bullfrog zombie (D:8)
  2 bullfrog skeletons
  3 orc priests
  4 gnoll shamans (D:8)
  2 jellies
  4 orc wizards
  Crazy Yiuf (D:6)
  3 iguanas (D:5)
  4 worker ants
  12 gnolls (D:8)
  An adder (D:7)
  A howler monkey skeleton (D:7)
  A shadow imp (D:4)
  2 oozes (D:2)
  An adder skeleton (D:8)
  4 worms
  5 leopard geckos
  20 orcs
  6 giant cockroaches
  12 goblins
  A hobgoblin (D:2)
  8 jackals
  5 kobolds
  3 quokkas
  7 bats
  6 frilled lizards
  11 rats
  A plant (D:8)
189 creatures vanquished.

Vanquished Creatures (others)
  A slave (D:7)
  4 fungi (D:8)
  4 plants (D:8)
9 creatures vanquished.

Grand Total: 198 creatures vanquished

Notes
Turn   | Place    | Note
-------+----------+-------------------------------------------
     0 | D:1      | theRoog the Minotaur Berserker began the quest for the Orb.
     0 | D:1      | Reached XP level 1. HP: 19/19 MP: 0/0
   177 | D:1      | Reached skill level 4 in Axes
   177 | D:1      | Reached XP level 2. HP: 26/27 MP: 1/1
   816 | D:2      | Reached XP level 3. HP: 24/33 MP: 2/2
   868 | D:2      | Noticed an ogre
   876 | D:2      | Killed an ogre
   876 | D:2      | Reached skill level 5 in Axes
   876 | D:2      | Reached XP level 4. HP: 30/41 MP: 3/3
   938 | D:2      | Reached ** piety under Trog
  1365 | D:3      | Noticed Anachronus's ghost (amateur MiHu)
  1389 | D:3      | Killed Anachronus's ghost
  1389 | D:3      | Reached skill level 5 in Fighting
  1389 | D:3      | Reached skill level 6 in Axes
  1389 | D:3      | Reached XP level 5. HP: 18/48 MP: 4/4
  1389 | D:3      | Reached XP level 6. HP: 21/56 MP: 5/5
  1648 | D:3      | Found a bloodstained altar of Trog.
  1658 | D:3      | Found a hide-covered altar of Uskayaw.
  1688 | D:3      | Found a hazy altar of Hepliaklqana.
  1690 | D:3      | Found an iron altar of Okawaru.
  1691 | D:3      | Found a shattered altar of Ashenzari.
  1741 | D:3      | Found a white marble altar of Elyvilon.
  2555 | D:4      | Found an opulent altar of Gozag.
  2663 | D:4      | Reached *** piety under Trog
  2982 | D:4      | Reached XP level 7. HP: 39/61 MP: 6/6
  3178 | D:4      | Found Syiryloang's Assorted Antiques.
  3240 | D:5      | Entered Level 5 of the Dungeon
  3313 | D:5      | Reached skill level 7 in Axes
  3313 | D:5      | Reached skill level 5 in Armour
  3313 | D:5      | Reached skill level 1 in Shields
  3553 | D:5      | Reached skill level 8 in Axes
  3553 | D:5      | Reached skill level 1 in Stealth
  3587 | D:5      | Reached XP level 8. HP: 24/70 MP: 7/7
  4220 | D:5      | Found a staircase to the Ecumenical Temple.
  4516 | D:6      | Noticed Steadysplat's ghost (novice MiFi)
  4531 | D:6      | Killed Steadysplat's ghost
  4531 | D:6      | Reached skill level 9 in Axes
  5072 | D:6      | Reached **** piety under Trog
  5150 | D:6      | Found a runed door.
  5154 | D:6      | Noticed Crazy Yiuf
  5157 | D:6      | Killed Crazy Yiuf
  5290 | D:6      | Reached XP level 9. HP: 55/78 MP: 8/8
  5596 | D:6      | Noticed Blork the orc
  5606 | D:6      | Killed Blork the orc
  5606 | D:6      | Reached skill level 10 in Axes
  5673 | D:7      | Noticed Pikel
  5688 | D:7      | Killed Pikel
  5889 | D:7      | Found Ciseozut's Food Boutique.
  5939 | D:7      | Reached skill level 11 in Axes
  6440 | D:7      | Reached skill level 5 in Dodging
  6597 | D:8      | Found an ornate altar of the Wu Jian Council.
  6766 | D:8      | Found Ykokh's Armour Boutique.
  6806 | D:8      | Reached skill level 12 in Axes
  6806 | D:8      | Reached XP level 10. HP: 71/88 MP: 9/9
  6835 | D:8      | Reached ***** piety under Trog
  7554 | D:8      | HP: 4/88 [poisoned by a killer bee]
  7554 | D:8      | Slain by a killer bee

Skill      XL: |  1  2  3  4  5  6  7  8  9 10 |
---------------+-------------------------------+-----
Axes           | 4 5 6 8 9 12 | 12.6
Fighting       | 4 5 6 7 |  7.9
Armour         | 3 4 6 7 8 9 |  9.2
Dodging        | 3 4 5 |  5.1
Shields        | 1 2 |  2.9
Stealth        | 1 |  1.7

Action                   |  1- 3 |  4- 6 |  7- 9 | 10-12 || total
-------------------------+-------+-------+-------+-------++-------
Melee: Hand axe          |    70 |    67 |       |       ||   137
       Headbutt          |     8 |    18 |    47 |    11 ||    84
       War axe           |       |    52 |   194 |       ||   246
       Battleaxe         |       |       |    72 |    66 ||   138
Invok: Berserk           |       |     2 |     1 |     1 ||     4
       Trog's Hand       |       |       |       |     1 ||     1
  Use: Potion            |     1 |       |       |       ||     1
       Scroll            |       |     1 |    10 |     1 ||    12
  Eat: Chunk             |       |     3 |     4 |       ||     7
       Ration            |       |     2 |     2 |     2 ||     6
Armor: Animal skin       |    16 |       |       |       ||    16
       Scale mail        |     8 |    42 |    73 |       ||   123
       Chain mail        |       |       |    16 |    24 ||    40
       Plate armour      |       |       |       |    57 ||    57
Dodge: Dodged            |    38 |    34 |   125 |    72 ||   269
Block: Buckler           |     6 |     9 |    28 |       ||    43
